 Dungeon Sprint DCSS version 0.30-a0-956-gcec3b41aec (webtiles) character file.

Game seed: 2393018142358261242

1610 Parcival the Cleaver (level 8, -7/83 HPs)
             Began as a Minotaur Fighter on Mar 29, 2023.
             Mangled by Erolcha
             ... wielding a +0 giant club
              (11 damage)
             ... in the Dungeon (Sprint III: "The Ten Rune Challenge").
             The game lasted 00:01:16 (1080 turns).

Parcival the Cleaver (Minotaur Fighter)             Turns: 1080, Time: 00:01:17

Health: -7/83      AC:  9    Str: 22    XL:     8   Next: 63%
Magic:  7/7        EV: 11    Int:  5    God:
Gold:   26         SH:  6    Dex: 11    Spells: 7/7 levels left

rFire   . . .      SeeInvis .    a - +0 war axe
rCold   . . .      Faith    .    c - +0 buckler
rNeg    . . .      Spirit   .    b - +0 scale mail
rPois   .          Reflect  .    (helmet restricted)
rElec   .          Rampage  .    (no cloak)
rCorr   .          NoTele   +    (no gloves)
Will    .....                    (no boots) Stlth
                                 (no amulet)
HPRegen 0.33/turn                (no ring)
MPRegen 0.10/turn                (no ring)

@: no status effects
A: horns 2, retaliatory headbutt
a: no special abilities


You were in the Dungeon.
You visited 1 branch You collected 26 gold pieces.

Inventory:

Hand Weapons
 a - a +0 war axe (weapon)
Armour
 b - a +0 scale mail (worn)
 c - a +0 buckler (worn)
Wands
 o - a wand of charming (8)
Scrolls
 j - a scroll of blinking
 k - a scroll of torment {unknown}
 l - 2 scrolls of identify {unknown}
 n - a scroll of immolation {unknown}
Potions
 e - a potion of curing
 f - 2 potions of heal wounds
 g - a potion of haste
 h - 2 potions of magic
 i - 2 potions of berserk rage
 m - 2 potions of flight {unknown}


   Skills:
 + Level 11.7 Fighting
 + Level 14.2 Axes
 + Level 11.5 Armour
 + Level 4.6 Dodging
 + Level 9.1 Shields


You had 7 spell levels left.
You didn't know any spells.
Your spell library was empty.

Dungeon Overview and Level Annotations

Branches:
Dungeon (1/1)

Altars:
Dithmenos
Elyvilon
Okawaru
Ru
Trog
Uskayaw
Wu Jian
Yredelemnul
Zin
The Shining One

Annotations:
D Erolcha


Innate Abilities, Weirdness & Mutations

You have a pair of horns on your head.
You reflexively headbutt those who attack you in melee.


Message History

The two-headed ogre hits you with a +0 giant club. x2
You slash the two-headed ogre!
The two-headed ogre is heavily wounded.
You slash the two-headed ogre!
The two-headed ogre is severely wounded.
The two-headed ogre barely misses you. You furiously retaliate!
You headbutt the two-headed ogre!
The two-headed ogre hits you but does no damage.
You hit the two-headed ogre.
You headbutt the two-headed ogre, but do no damage.
The two-headed ogre is almost dead.
The two-headed ogre hits you with a +0 giant club!!
The two-headed ogre barely misses you.
You hit the two-headed ogre.
You kill the two-headed ogre!
Your Axes skill increases to level 14!
Things that are here:
a +0 giant club; a +0 giant club; a two-headed ogre corpse Erolcha the Cunning comes into view.
She is wielding a +0 giant club.
Erolcha shouts!
You hear two shouts!
A two-headed ogre comes into view.
It is wielding two +0 giant spiked clubs.
Erolcha barely misses you.
You slash Erolcha!
Erolcha is lightly wounded.
You hit Erolcha but do no damage.
Erolcha is lightly wounded.
Erolcha mumbles some strange words.
Erolcha flickers and vanishes!
Deactivating autopickup; reactivate with Ctrl-A.
You hit something. Your headbutt misses something. Something hits you!!
You slash something! You miss something. You block something's attack.
You hit something. You headbutt something. You barely miss something.
Something hits you!!
You hit something but do no damage. You hit something. Something hits you!!
* * * LOW HITPOINT WARNING * * *
You slash something! You closely miss something. You headbutt something.
Something hits you!
You die...

__# ._# )## ..#
..# #'#
..#+##############
..#....#.#.#.....#
..##.#..#.##)###@#
..'##)#.#.##.#.{##
..#..)#..#..##.O
▓▓▓▓▓▓▓▓▓▓▓▓▓▓▓▓


You could see a two-headed ogre.

Vanquished Creatures
  A deep elf pyromancer (D)
  A shadow (D)
  4 two-headed ogres (D)
  A water elemental (D)
  A necrophage (D)
  A scorpion (D)
  A jelly (D)
  Jessica (D)
  A necromancer (D)
  3 humans (D)
  An endoplasm (D)
  2 rats (D)
18 creatures vanquished.

Notes
Turn   | Place    | Note
-------+----------+-------------------------------------------
     0 | D        | Parcival the Minotaur Fighter began the quest for the Orb.
     0 | D        | Reached XP level 1. HP: 19/19 MP: 0/0
    19 | D        | Noticed Jessica
    26 | D        | Killed Jessica
    27 | D        | Reached skill level 5 in Fighting
    27 | D        | Reached skill level 4 in Axes
    27 | D        | Reached skill level 5 in Armour
    27 | D        | Reached skill level 5 in Shields
    27 | D        | Reached XP level 2. HP: 27/29 MP: 1/1
    27 | D        | Reached XP level 3. HP: 33/36 MP: 2/2
    68 | D        | Noticed a scorpion
    81 | D        | Killed a scorpion
    82 | D        | Reached skill level 6 in Axes
    82 | D        | Reached XP level 4. HP: 43/45 MP: 3/3
   120 | D        | Noticed a water elemental
   129 | D        | Killed a water elemental
   130 | D        | Reached skill level 7 in Axes
   130 | D        | Reached skill level 1 in Dodging
   130 | D        | Reached XP level 5. HP: 8/52 MP: 4/4
   288 | D        | Found a glowing silver altar of Zin.
   288 | D        | Found a glowing golden altar of the Shining One.
   288 | D        | Found a white marble altar of Elyvilon.
   289 | D        | Noticed a deep elf pyromancer
   303 | D        | Noticed a fire elemental
   303 | D        | Noticed a fire elemental
   305 | D        | Killed a deep elf pyromancer
   306 | D        | Reached skill level 10 in Axes
   306 | D        | Reached skill level 10 in Armour
   306 | D        | Reached XP level 6. HP: 47/66 MP: 5/5
   306 | D        | Reached XP level 7. HP: 50/71 MP: 6/6
   380 | D        | Found a hide-covered altar of Uskayaw.
   380 | D        | Found an iron altar of Okawaru.
   380 | D        | Found a bloodstained altar of Trog.
   380 | D        | Found an ornate altar of the Wu Jian Council.
   380 | D        | Noticed a human
   380 | D        | Noticed a human
   384 | D        | Killed a human
   385 | D        | Reached skill level 10 in Fighting
   385 | D        | Reached skill level 11 in Axes
   392 | D        | Killed a human
   445 | D        | Found a basalt altar of Yredelemnul.
   445 | D        | Found a shadowy altar of Dithmenos.
   445 | D        | Found a sacrificial altar of Ru.
   450 | D        | Reached skill level 12 in Axes
   497 | D        | Noticed a shadow
   515 | D        | HP: 1/73 [shadow (9)]
   516 | D        | Killed a shadow
   517 | D        | Reached XP level 8. HP: 1/82 MP: 7/7
   771 | D        | Reached skill level 13 in Axes
   930 | D        | Noticed a two-headed ogre
   938 | D        | Killed a two-headed ogre
   939 | D        | Reached skill level 14 in Axes
  1068 | D        | Noticed Erolcha
  1068 | D        | Noticed a two-headed ogre
  1078 | D        | HP: 4/83 [something (25)]
  1080 | D        | Mangled by Erolcha

Illustrated notes

Levels and vault maps discovered:
D:        dungeon_sprint_mu [sprint_mu_entry_forest, sprint_mu_temple_rooms,
          sprint_mu_d1_spiders, sprint_mu_d2_genie, sprint_mu_d3_branching,
          sprint_mu_orc_legion, sprint_mu_elf_gauntlet, sprint_mu_hive_nellie,
          sprint_mu_lair_fedhas, sprint_mu_vaults_butterflies,
          sprint_mu_slime_circle, sprint_mu_shoals_archi,
          sprint_mu_snake_twists, sprint_mu_blade_basic, sprint_mu_crypt_lich,
          sprint_mu_tomb_spiral, sprint_mu_vestibule_basic,
          sprint_mu_gehenna_hellfire, sprint_mu_dis_giant,
          sprint_mu_tartarus_statrot, sprint_mu_cocytus_islands, sprint_mu_zot1]

Skill      XL: |  1  2  3  4  5  6  7  8 |
---------------+-------------------------+-----
Fighting       | 5 6 7 9 11 | 11.7
Armour         | 5 6 7 10 11 | 11.5
Shields        | 5 6 8 9 |  9.1
Axes           | 4 6 7 10 12 14 | 14.2
Dodging        | 1 2 3 4 |  4.6

Action                     |  1- 3 |  4- 6 |  7- 9 || total
---------------------------+-------+-------+-------++-------
  Melee: War axe           |    20 |    13 |    57 ||    90
         Headbutt          |     3 |     5 |    12 ||    20
    Use: Potion            |       |       |     1 ||     1
 Armour: Scale mail        |     6 |       |     6 ||    12
  Dodge: Dodged            |    12 |    10 |    22 ||    44
  Block: Buckler           |     2 |     1 |     8 ||    11

Table legend: (Time is in decaauts)
 A = Elapsed time spent in this place.
 B = Non-inter-level travel time spent in this place.
 C = Inter-level travel time spent in this place.
 D = Time resting spent in this place.
 E = Time spent auto-exploring this place.
 F = Levels seen in this place.
 G = Mean time per level.
                   A        B        C        D        E       F      G
               +--------+--------+--------+--------+--------+-----+--------+
         Total |   1088 |   1088 |      0 |      0 |    923 |   1 | 1088.0 |
       Dungeon |   1088 |   1088 |      0 |      0 |    923 |   1 | 1088.0 |
               +--------+--------+--------+--------+--------+-----+--------+

Top non-repeatable levels by time:
       D: 1088 daAuts
